 Dungeon Crawl Stone Soup version 0.20-a0-45-gb3e417c (webtiles) character file.

9797 MovingMist the Basher (level 11, -6/62 HPs)
             Began as a Gargoyle Fighter on Sept 4, 2016.
             Was a High Priest of Okawaru.
             Killed from afar by Harold (12 damage)
             ... with a bolt of fire
             ... on level 10 of the Dungeon on Nov 12, 2016.
             The game lasted 00:34:46 (9608 turns).

MovingMist the Basher (Gargoyle Fighter)            Turns: 9608, Time: 00:34:46

Health: -6/62      AC: 38    Str: 18    XL:     11   Next: 52%
Magic:  11/11      EV:  5    Int:  9    God:    Okawaru [*****.]
Gold:   142        SH:  0    Dex: 14    Spells: 0 memorised, 10 levels left

rFire  . . .     SeeInvis .     K - +3 great mace
rCold  + . .     Gourm    .     v - +10 plate armour of the Burgomaster {rPois MR+}
rNeg   + . .     Faith    .     (shield currently unavailable)
rPois  ∞         Spirit   .     (helmet restricted)
rElec  +         Reflect  .     (no cloak)
rCorr  .         Harm     .     (no gloves)
MR     +....                    k - +2 pair of boots
Stlth  ..........               (no amulet)
                                H - +3 ring of protection
                                A - ring of Disaster {rPois rC+}

@: held
A: antennae 1, agile 1, negative energy resistance 1, sense surroundings 1,
electricity resistance, weak 1, wild magic 1, unbreathing, petrification
resistance, rot immunity, AC +7
a: Heroism, Finesse, Renounce Religion


You were on level 10 of the Dungeon.
You worshipped Okawaru.
Okawaru was extremely pleased with you.
You were hungry.

You visited 1 branch of the dungeon, and saw 10 of its levels.
You also visited: Ossuary.

You collected 594 gold pieces.
You spent 452 gold pieces at shops.

Inventory:

Hand Weapons
 t - a +1 arbalest of velocity
 K - a +3 great mace (weapon)
Armour
 k - a +2 pair of boots (worn)
 v - the +10 plate armour of the Burgomaster (worn) {rPois MR+}
   (You found it on level 9 of the Dungeon)

   It protects you from poison.
   It affects your resistance to hostile enchantments.
Jewellery
 A - the ring of Disaster (left hand) {rPois rC+}
   (You bought it in a shop on level 6 of the Dungeon)

   [ring of poison resistance]

   It protects you from cold.
   It protects you from poison.
 H - a +3 ring of protection (right hand)
Wands
 F - a wand of iceblast (6/15)
 N - a wand of paralysis (10/24)
Scrolls
 g - 2 scrolls of enchant weapon
 h - 2 scrolls of blinking
 l - 2 scrolls of magic mapping
 m - a scroll of holy word {unknown}
 n - 2 scrolls of remove curse
 o - 4 scrolls of teleportation
 x - a scroll of amnesia
 B - 3 scrolls of fear
 L - a scroll of recharging
 M - a scroll of summoning {unknown}
Potions
 d - a potion of might
 e - 8 potions of curing
 i - a potion of haste
 j - a potion of magic
 u - a potion of berserk rage
 w - a potion of agility {unknown}
 D - 2 potions of flight {unknown}
 G - 2 potions of invisibility {unknown}
 J - 2 potions of lignification
Books
 E - a book of Changes

   Spells                             Type                      Level
   a - Beastly Appendage              Transmutation                1
   b - Sticks to Snakes               Transmutation                2
   c - Spider Form                    Transmutation/Poison         3
   d - Ice Form                       Ice/Transmutation            4
   e - Blade Hands                    Transmutation                5
Comestibles
 a - 14 chunks of flesh
 b - 4 beef jerkies
 f - 10 bread rations
 r - 2 meat rations
 C - 3 slices of pizza
 I - 6 royal jellies


   Skills:
 - Level 4.4 Fighting
 + Level 12.3 Maces & Flails
 - Level 10.6 Armour
 + Level 6.9 Dodging
   Level 3.2 Shields


You had 10 spell levels left.
You didn't know any spells.

Dungeon Overview and Level Annotations

Branches:
Dungeon (10/15)            Temple (0/1) D:5
   Lair: D:8-11         Orc: D:9-12

Altars:
Ashenzari
Dithmenos
Fedhas
Makhleb
Okawaru
Ru
Trog
Uskayaw
Yredelemnul

Shops:
D:6 !!=*   D:9 !

Annotations:
D:10 Harold


Innate Abilities, Weirdness & Mutations

You are resistant to torment.
Your stone body is resilient. (AC +7)
You are immune to poison.
You resist negative energy. (rN+)
You are resistant to electric shocks. (rElec)
You can survive without breathing.
You are immune to petrification.
You are immune to rotting.
You have a pair of small antennae on your head.
You are agile. (Dex +2)
You passively map a small area around you.
You are weak. (Str -2)
Your spells are a little harder to cast, but a little more powerful.


Message History

Harold hits you but does no damage.
You see here a large rock.
You open the door. The rat barely misses you.
The crocodile bites you but does no damage.
Harold throws a throwing net.
The throwing net completely misses you.
There is an open door here.
You sock the crocodile!
You kill the crocodile!
Okawaru accepts your kill. Harold casts a spell at you.
The bolt of fire hits you! The cyclops hits you!
* * * LOW HITPOINT WARNING * * *
There is an open door, spattered with blood here.
Harold throws a throwing net.
The throwing net hits you.
You become entangled in the net!
You see here a throwing net.
You struggle against the net.
Harold gestures at you while chanting. The bolt of fire hits you!
You die...

* , ##############
,,,####............#
,
,+.(#............###
#@'Cr..........##.
###@.(.........##. ,
* #............##% ,
, #............'). *
#...PP........## ,
#......P.P.....#
#.'...PP....PP.# *
#..P...P.P.P.P..
#.P.P..####P..P.


You could see Harold, a cyclops and a rat.

Vanquished Creatures
  A centaur warrior (D:9)
  The ghost of Roxy the Cruncher, a novice FoFi of Okawaru (D:9)
  An unseen horror (D:9)
  A flayed ghost (D:9)
  A hill giant (D:10)
  An ugly thing (D:9)
  A queen bee (D:8)
  A hippogriff (D:7)
  A wyvern (D:9)
  A yak (D:10)
  A hungry ghost (D:8)
  Edmund (D:6)
  5 ice beasts
  4 sky beasts
  An orc warrior (D:7)
  2 phantoms
  3 ogres
  A boggart (D:9)
  A necrophage (D:9)
  3 centaurs
  3 crocodiles
  A big kobold (D:8)
  2 bullfrogs
  5 water moccasin zombies (Ossuary)
  2 scorpions
  25 killer bees
  10 wights (D:9)
  5 howler monkeys
  3 crimson imps
  A centaur zombie (D:7)
  6 hounds
  A jelly (D:6)
  2 centaur skeletons
  A bullfrog skeleton (D:7)
  8 orc priests
  7 orc wizards
  Jessica (D:2)
  2 iguanas
  5 worker ants
  A killer bee zombie (D:7)
  4 big kobold zombies (Ossuary)
  2 hound skeletons
  2 mummies (Ossuary)
  A howler monkey skeleton (D:5)
  6 gnolls
  A river rat (D:10)
  7 adders
  3 shadow imps
  An ooze (D:5)
  2 adder zombies (Ossuary)
  An adder skeleton (D:8)
  3 worms
  2 dart slugs (D:4)
  4 leopard geckos
  22 orcs
  19 bats
  11 giant cockroaches
  2 gnoll zombies (Ossuary)
  8 goblins
  10 hobgoblins
  9 jackals
  10 kobolds
  6 quokkas
  4 frilled lizards
  4 hobgoblin zombies (Ossuary)
  A jackal skeleton (D:4)
  7 kobold zombies (Ossuary)
  A leopard gecko skeleton (D:4)
  4 orc zombies (Ossuary)
  13 rats
293 creatures vanquished.

Vanquished Creatures (others)
  A plant (D:10)
1 creature vanquished.

Grand Total: 294 creatures vanquished

Notes
Turn   | Place    | Note
-------+----------+-------------------------------------------
     0 | D:1      | MovingMist the Gargoyle Fighter began the quest for the Orb.
     0 | D:1      | Reached XP level 1. HP: 14/14 MP: 1/1
   144 | D:1      | Reached XP level 2. HP: 17/19 MP: 2/2
   566 | D:1      | Reached skill level 1 in Dodging
   590 | D:1      | Reached XP level 3. HP: 23/23 MP: 3/3
  1012 | D:2      | Noticed Jessica
  1017 | D:2      | Killed Jessica
  1017 | D:2      | Reached skill level 3 in Maces & Flails
  1052 | D:2      | Found a shadowy altar of Dithmenos.
  1058 | D:2      | Reached XP level 4. HP: 23/29 MP: 4/4
  2410 | D:3      | Reached XP level 5. HP: 33/33 MP: 5/5
  2854 | D:4      | Found a shadowy altar of Dithmenos.
  3131 | D:4      | Noticed an ogre
  3140 | D:4      | Killed an ogre
  3140 | D:4      | Reached skill level 4 in Maces & Flails
  3140 | D:4      | Reached XP level 6. HP: 36/39 MP: 6/6
  3164 | D:4      | Found a shattered altar of Ashenzari.
  3164 | D:4      | Found a basalt altar of Yredelemnul.
  3512 | D:4      | Noticed a phantom
  3547 | D:4      | Killed a phantom
  3592 | D:5      | Entered Level 5 of the Dungeon
  3615 | D:5      | Reached skill level 5 in Maces & Flails
  3615 | D:5      | Reached skill level 5 in Armour
  3615 | D:5      | Reached XP level 7. HP: 13/44 MP: 7/7
  3829 | D:5      | Upgraded the game from 0.19-a0-1401-g902f63d to 0.20-a0-45-gb3e417c
  3840 | D:5      | Found an iron altar of Okawaru.
  3867 | D:5      | Became a worshipper of Warmaster Okawaru
  4071 | D:5      | Found a burning altar of Makhleb.
  4137 | D:5      | Found a staircase to the Ecumenical Temple.
  4140 | D:5      | Gained mutation: Your spells are a little harder to cast, but a little more powerful. [potion of mutation]
  4140 | D:5      | Gained mutation: You have a pair of small antennae on your head. [potion of mutation]
  4140 | D:5      | Gained mutation: You expend magic power (3 MP) to strengthen your wands. [potion of mutation]
  4462 | D:5      | Reached skill level 6 in Maces & Flails
  4491 | D:5      | Reached * piety under Okawaru
  4491 | D:5      | Reached XP level 8. HP: 20/48 MP: 8/8
  4908 | D:6      | Found Monkoabb's Jewellery Shop.
  4918 | D:6      | Found a sacrificial altar of Ru.
  4959 | D:6      | Noticed Edmund
  4993 | D:6      | Killed Edmund
  5037 | D:6      | Reached skill level 7 in Maces & Flails
  5046 | D:6      | Found Ethe's Assorted Antiques.
  5049 | D:6      | Bought a scroll of identify for 48 gold pieces
  5049 | D:6      | Bought a flickering lapis lazuli ring for 120 gold pieces
  5049 | D:6      | Bought a scroll of identify for 48 gold pieces
  5049 | D:6      | Identified the ring of Disaster {rPois rC+} (You bought it in a shop on level 6 of the Dungeon)
  5093 | D:6      | Found Idat's Distillery.
  5127 | D:6      | Bought a potion of lignification for 30 gold pieces
  5127 | D:6      | Bought a potion of heal wounds for 50 gold pieces
  5160 | D:6      | Found Tyidilan's Distillery.
  5495 | D:6      | Reached ** piety under Okawaru
  5515 | D:6      | Found a sand-covered staircase.
  5524 | Ossuary  | Entered an ossuary
  5690 | Ossuary  | Reached XP level 9. HP: 49/52 MP: 9/9
  5700 | Ossuary  | Reached skill level 8 in Maces & Flails
  5787 | Ossuary  | Gained mutation: You are dopey. (Int -2) [potion of mutation]
  5787 | Ossuary  | Gained mutation: You passively map a small area around you. [potion of mutation]
  5787 | Ossuary  | Gained mutation: You are weak. (Str -2) [potion of mutation]
  5790 | Ossuary  | Lost mutation: You expend magic power (3 MP) to strengthen your wands. [potion of mutation]
  6136 | D:7      | Reached *** piety under Okawaru
  6136 | D:7      | Reached skill level 9 in Maces & Flails
  6627 | D:7      | Reached skill level 10 in Armour
  6907 | D:7      | Reached XP level 10. HP: 54/58 MP: 10/10
  6933 | D:7      | Reached skill level 10 in Maces & Flails
  7021 | D:7      | Reached **** piety under Okawaru
  7123 | D:7      | Found a bloodstained altar of Trog.
  7255 | D:8      | Gained mutation: You are very dopey. (Int -4) [mutagenic meat]
  7256 | D:8      | Gained mutation: You are agile. (Dex +2) [mutagenic meat]
  7355 | D:8      | Found a hide-covered altar of Uskayaw.
  7424 | D:8      | Lost mutation: You are very dopey. (Int -4) [potion of mutation]
  7424 | D:8      | Lost mutation: You are dopey. (Int -2) [potion of mutation]
  7926 | D:8      | Found a blossoming altar of Fedhas.
  8285 | D:9      | Found Ykhlutorgh's Distillery.
  8291 | D:9      | Bought a potion of curing for 39 gold pieces
  8291 | D:9      | Bought a potion of curing for 39 gold pieces
  8291 | D:9      | Bought a potion of curing for 39 gold pieces
  8291 | D:9      | Bought a potion of lignification for 39 gold pieces
  8494 | D:9      | Noticed Roxy's ghost (novice FoFi)
  8536 | D:9      | Killed Roxy's ghost
  8536 | D:9      | Reached ***** piety under Okawaru
  8536 | D:9      | Reached skill level 11 in Maces & Flails
  8536 | D:9      | Reached skill level 5 in Dodging
  8795 | D:9      | Noticed a centaur warrior
  8796 | D:9      | Noticed a flayed ghost
  8796 | D:9      | Noticed a cyan ugly thing
  8801 | D:9      | Reached XP level 11. HP: 57/62 MP: 11/11
  8823 | D:9      | Killed a cyan ugly thing
  8848 | D:9      | Killed a flayed ghost
  8848 | D:9      | Received a gift from Okawaru
  8859 | D:9      | Killed a centaur warrior
  8865 | D:9      | Killed an unseen horror
  8865 | D:9      | Reached skill level 12 in Maces & Flails
  8896 | D:9      | Got a dazzling plate armour
  9301 | D:9      | Identified the +10 plate armour of the Burgomaster {rPois MR+} (You found it on level 9 of the Dungeon)
  9420 | D:10     | Entered Level 10 of the Dungeon
  9483 | D:10     | Noticed a hill giant
  9490 | D:10     | Killed a hill giant
  9578 | D:10     | Noticed Harold
  9581 | D:10     | Noticed a cyclops
  9598 | D:10     | HP: 2/62 [cyclops/large rock (21)]
  9608 | D:10     | Killed from afar by Harold

Vault maps used:
D:1:      elethiomel_arrival_maze
D:2:      kennysheep_big_flooded_room, nicolae_overflow_crystal_walls,
          minmay_misc_feat_rows, uniq_jessica
D:3:      first_bread
D:4:      gammafunk_temple_overflow_elements, grunt_dithmenos_smoke
D:5:      lemuel_round_altar, basic_altar, kennysheep_small_spiral
D:6:      nicolae_ru_awakened_eye, chequers_ossuary_entry_cave, serial_shops,
          nicolae_shop_temple_entry_statues_fountains, shop,
          nicolae_shop_behind_doors, kennysheep_mini_moat, uniq_edmund
D:7:      basic_altar, serial_glass, glass_columns_c, glass_columns_b,
          fountainhead
D:8:      lemuel_doored_altar, fedhas_altar_3, david_nohive_1
D:9:      minmay_blocky_corners, serial_shops, shop
D:10:     grunt_lair_entry_orc_guard_hut, enter_trove_3, grunt_ministairs_7,
          uniq_harold
Ossuary:  ossuary_tomb_2

Skill      XL: |  1  2  3  4  5  6  7  8  9 10 11 |
---------------+----------------------------------+-----
Dodging        | 1 2 5 6 |  6.9
Maces & Flails | 3 4 5 6 7 9 11 12 | 12.3
Fighting       | 4 |  4.4
Armour         | 4 5 6 8 10 | 10.6
Shields        | |  3.2

Action                   |  1- 3 |  4- 6 |  7- 9 | 10-12 || total
-------------------------+-------+-------+-------+-------++-------
Melee: Flail             |    81 |   221 |   583 |   322 ||  1207
       Great mace        |       |       |       |   160 ||   160
Invok: Heroism           |       |       |       |     2 ||     2
  Use: Scroll            |     4 |     4 |     5 |    11 ||    24
       Potion            |       |     1 |     4 |     5 ||    10
  Eat: Chunk             |     1 |     7 |    11 |     5 ||    24
       Beef jerky        |       |       |     1 |       ||     1
       Meat ration       |       |       |       |     1 ||     1
       Royal jelly       |       |       |       |     1 ||     1
Armor: Scale mail        |    46 |    22 |       |       ||    68
       Plate armour      |       |   103 |   357 |   547 ||  1007
       Skin              |       |       |    77 |       ||    77
Dodge: Dodged            |    20 |    39 |    90 |   200 ||   349
Block: Shield            |    45 |   134 |   335 |   248 ||   762
